 Dungeon Crawl Stone Soup version 0.27-a0-892-gd1b0476 (webtiles) character file.

Game seed: 6913797048166785554

51 Nithhogg the Skirmisher (level 3, -2/29 HPs)
             Began as a Demonspawn Fighter on Apr 5, 2021.
             Killed by nerve-wracking pain
             ... invoked by Grinder
              (14 damage)
             ... on level 3 of the Dungeon.
             The game lasted 00:03:51 (1860 turns).

Nithhogg the Skirmisher (Demonspawn Fighter)        Turns: 1860, Time: 00:03:52

Health: -2/29      AC: 11    Str: 17    XL:     3   Next: 58%
Magic:  3/3        EV:  5    Int:  9    God:
Gold:   80         SH:  4    Dex: 12    Spells: 2/2 levels left

rFire    . . .     SeeInvis .   i - +0 short sword (venom)
rCold    . . .     Faith    .   (no shield)
rNeg     . . .     Spirit   .   k - +0 plate armour
rPois    .         Reflect  .   (no helmet)
rElec    .         Harm     .   (no cloak)
rCorr    .         Rampage  .   (no gloves)
Will     .....                  (no boots)
Stlth    ..........             (no amulet)
HPRegen  0.09/turn              (no ring)
MPRegen  0.08/turn              (no ring)

@: no status effects
A: condensation shield
a: no special abilities


You were on level 3 of the Dungeon.
You visited 1 branch of the dungeon, and saw 3 of its levels.

You collected 80 gold pieces.

Inventory:

Hand Weapons
 a - a +0 long sword
 i - a +0 short sword of venom (weapon)
Armour
 b - a +0 scale mail
 c - a +0 kite shield
 k - a +0 plate armour (worn)
Jewellery
 e - a ring of resist corrosion
Scrolls
 f - a scroll of blinking {unknown}
 g - a scroll of identify {unknown}
 h - a scroll of holy word {unknown}
Potions
 d - a potion of might
 j - a potion of flight {unknown}
 l - a potion of brilliance {unknown}


   Skills:
 + Level 3.3 Fighting
 * Level 2.6 Long Blades
 + Level 3.1 Armour
 + Level 1.1 Dodging
 - Level 2.6 Shields


You had 2 spell levels left.
You didn't know any spells.
Your spell library was empty.

Dungeon Overview and Level Annotations

Branches:
Dungeon (3/15)

Altars:

Annotations:
D:3 Grinder


Innate Abilities, Weirdness & Mutations

A meltable shield of frost defends you. (SH +4)


Message History

Grinder is lightly wounded.
Grinder blinks!
Grinder gestures at you. You resist with significant effort.
Grinder hits you but does no damage.
You hit Grinder.
Grinder is poisoned.
Grinder is lightly wounded.
Grinder completely misses you.
You hit Grinder.
Grinder looks as sick as possible!
Grinder is moderately wounded.
Grinder blinks!
You barely miss Grinder.
Grinder is moderately wounded.
Grinder blinks!
You completely miss Grinder.
Grinder is heavily wounded.
Grinder hits you but does no damage.
You hit Grinder.
Grinder is heavily wounded.
Grinder hits you.
You writhe in agony.
You hit Grinder.
Grinder is severely wounded.
Grinder drinks a potion.
Grinder is healed!
You hit Grinder but do no damage.
Grinder looks as sick as possible!
Grinder gestures at you. You resist with significant effort.
You hit Grinder but do no damage.
Grinder is lightly wounded.
Grinder blinks!
Grinder blinks!
Grinder gestures at you. Pain shoots through your body!
You are too injured to fight recklessly!
You are too injured to fight recklessly!
Grinder gestures at you.
You barely resist.
Grinder blinks!
Grinder gestures at you. Pain shoots through your body!
You die...

##############
#............#
#............#+#
#!..............
#........?......
#.........ยง.....
#......5........
#..@.........#.#
#............# #
#............#
#............#
#............#
#............#
#############


You could see Grinder (very poisoned).

Vanquished Creatures
  A shadow imp (D:2)
  A worm (D:2)
  A dart slug (D:1)
  An endoplasm (D:2)
  3 giant cockroaches
  2 goblins (D:2)
  3 hobgoblins
  A jackal (D:2)
  4 kobolds
  2 quokkas (D:2)
  5 ball pythons
  6 bats
  6 frilled lizards
  2 rats
38 creatures vanquished.

Notes
Turn   | Place    | Note
-------+----------+-------------------------------------------
     0 | D:1      | Nithhogg the Demonspawn Fighter began the quest for the
                  | Orb.
     0 | D:1      | Reached XP level 1. HP: 18/18 MP: 1/1
   249 | D:1      | Gained mutation: A meltable shield of frost defends you.
                  | (SH +4) [demonic ancestry]
   249 | D:1      | Reached XP level 2. HP: 20/24 MP: 2/2
   457 | D:1      | Found a faded altar of an unknown god.
  1159 | D:2      | Reached XP level 3. HP: 24/29 MP: 3/3
  1259 | D:2      | Reached skill level 1 in Dodging
  1799 | D:3      | Noticed Grinder
  1860 | D:3      | Killed from afar by Grinder

Illustrated notes

Levels and vault maps discovered:
D:1:      minmay_arrival_four_houses, layout_loops_ring,
          shapermc_ecumenical_altar_totnotflames
D:2:      layout_basic, kennysheep_generic_room_15
D:3:      layout_basic, lemuel_tele_altar, minmay_randomly_rotated_circles,
          uniq_grinder

Skill      XL: |  1  2  3 |
---------------+----------+-----
Long Blades    | 2 |  2.6
Armour         | 3 |  3.1
Dodging        | 1 |  1.1
Fighting       | |  3.3
Shields        | |  2.6

Action                   || total
-------------------------++-------
Melee: Long sword        ||    62
       Short sword       ||    50
Armor: Scale mail        ||    36
       Plate armour      ||    23
Dodge: Dodged            ||    47
Block: Other             ||    16
       Rpst.: Long sword ||    12

Table legend: (Time is in decaauts)
 A = Elapsed time spent in this place.
 B = Non-inter-level travel time spent in this place.
 C = Inter-level travel time spent in this place.
 D = Time resting spent in this place.
 E = Time spent auto-exploring this place.
 F = Levels seen in this place.
 G = Mean time per level.
                   A        B        C        D        E       F      G
               +--------+--------+--------+--------+--------+-----+--------+
         Total |   1880 |   1841 |     39 |     17 |   1524 |   3 |  626.7 |
       Dungeon |   1880 |   1841 |     39 |     17 |   1524 |   3 |  626.7 |
               +--------+--------+--------+--------+--------+-----+--------+

Top non-repeatable levels by time:
     D:2: 1085 daAuts
     D:1: 760 daAuts
     D:3: 34 daAuts
